 Dungeon Crawl Stone Soup version 0.31.0-32-g396128a36d (webtiles) character file.

Game seed: 1757644721260745236

3267073 suse60 the Conqueror (level 27, 273/273 HPs)
             Began as a Minotaur Fighter on Feb 6, 2024.
             Was the Champion of the Shining One.
             Escaped with the Orb
             ... and 5 runes on Mar 17, 2024!
             The game lasted 09:04:38 (68634 turns).

suse60 the Conqueror (Minotaur Fighter)            Turns: 68634, Time: 09:04:38

Health: 273/273    AC: 45    Str: 51    XL:     27
Magic:  31/31      EV: 24    Int: 17    God:    the Shining One [******]
Gold:   7172       SH:  0    Dex: 17    Spells: 26/26 levels left

rFire   + + .        n - +4 executioner's axe "Zeihug" {spect, *Corrode Will+++ Str+5 Int-2}
rCold   . . .        (shield currently unavailable)
rNeg    + + +        U - +14 crystal plate armour of Ignis's Outrage {rPois Int+4}
rPois   +            (helmet restricted)
rElec   .            e - scarf of the Stars {repulsion, rPois Str+3 Int+2 Dex+2}
rCorr   +            a - +1 pair of gloves of the Fiend {rF+ rCorr Slay+5}
SInv    .            g - +2 pair of boots
Will    +++++        Q - amulet of the Snail {Regen+ Int+3 Dex+2 Slay+5} Stlth
                     q - +6 ring of strength
HPRegen 1.45/turn    v - ring of Cungik {rPois rF+ Str+2 Int+6}
MPRegen 0.22/turn

%: corrode self (3%), repel missiles
@: glowing, studying 2 skills
A: horns 2, retaliatory headbutt, deformed body, strong 1, inability to drink
after injury 1, persistent drain
0: Orb of Zot
}: 5/15 runes: decaying, serpentine, slimy, silver, abyssal
a: Renounce Religion, Divine Shield, Cleansing Flame, Summon Divine Warrior,
Brand Weapon With Holy Wrath


You escaped.
You worshipped the Shining One.
The Shining One was exalted by your worship.
You visited 13 branches of the dungeon, and saw 57 of its levels.
You visited the Abyss 2 times.
You visited 1 ziggurat, and saw 11 of its levels.
You also visited: Ossuary, Gauntlet, Ice Cave, Volcano and Desolation.

You collected 9523 gold pieces.
You spent 2351 gold pieces at shops.

Inventory:

Hand Weapons
 n - the +4 executioner's axe "Zeihug" (weapon) {spect, *Corrode Will+++ Str+5 Int-2}
   (You acquired it on level 15 of the Dungeon)

   Str+5:     It affects your strength (+5).
   Int-2:     It affects your intelligence (-2).
   Will+++:   It greatly increases your willpower.
   *Corrode:  It may corrode you when you take damage.
 B - a +9 war axe of flaming
Missiles
 k - 3 throwing nets
 J - 10 silver javelins (quivered)
Armour
 a - the +1 pair of gloves of the Fiend (worn) {rF+ rCorr Slay+5}
   (You acquired it on level 5 of the Realm of Zot)

   Slay+5:    It affects your accuracy & damage with ranged weapons and melee
   (+5).
   rF+:       It protects you from fire.
   rCorr:     It protects you from acid and corrosion.
 e - the scarf of the Stars (worn) {repulsion, rPois Str+3 Int+2 Dex+2}
   (You acquired it on level 14 of the Dungeon)

   Str+3:     It affects your strength (+3).
   Int+2:     It affects your intelligence (+2).
   Dex+2:     It affects your dexterity (+2).
   rPois:     It protects you from poison
 g - a +2 pair of boots (worn)
 N - the +1 hat "Uwkiripu" {rN+ Int+3}
   (You found it in a Gauntlet)

   Int+3:     It affects your intelligence (+3).
   rN+:       It protects you from negative energy.
 U - the +14 crystal plate armour of Ignis's Outrage (worn) {rPois Int+4}
   (You found it on level 5 of the Pits of Slime)

   Int+4:     It affects your intelligence (+4).
   rPois:     It protects you from poison
Jewellery
 q - a +6 ring of strength (left hand)
 v - the ring of Cungik (right hand) {rPois rF+ Str+2 Int+6}
   (You took it off a vampire mage on level 2 of the Crypt)

   [ring of intelligence]

   Str+2:     It affects your strength (+2).
   Int+6:     It affects your intelligence (+6).
   rF+:       It protects you from fire.
   rPois:     It protects you from poison
 E - the ring of the Eagle {Ice rCorr Dex+6}
   (You took it off a deep elf elementalist on level 3 of the Elven Halls)

   [ring of ice]

   Ice:       It enhances your ice magic.
   Dex+6:     It affects your dexterity (+6).
   rF-:       It makes you vulnerable to fire.
   rC+:       It protects you from cold.
   rCorr:     It protects you from acid and corrosion.
 Q - the amulet of the Snail (around neck) {Regen+ Int+3 Dex+2 Slay+5}
   (You found it on level 3 of the Elven Halls)

   [amulet of regeneration]

   Int+3:     It affects your intelligence (+3).
   Dex+2:     It affects your dexterity (+2).
   Slay+5:    It affects your accuracy & damage with ranged weapons and melee
   (+5).
   Regen+:    It increases your rate of health regeneration.
 V - a ring of the Octopus King {rC+ HP+2 AC+2 EV+2 SH+2}
   (You found it on level 3 of the Elven Halls)

   [ring of protection from cold]

   AC+2:      It affects your AC (+2).
   EV+2:      It affects your evasion (+2).
   rC+:       It protects you from cold.
   HP+2:      It affects your health (+2).
   SH+2:      It affects your SH (+2).
 X - a ring of flight
Wands
 i - a wand of digging (23)
 u - a wand of acid (35)
 y - a wand of roots (31)
 A - a wand of charming (28)
 G - a wand of polymorph (15)
Scrolls
 b - 8 scrolls of enchant weapon
 d - 8 scrolls of identify
 m - 15 scrolls of fear
 o - 4 scrolls of immolation
 p - 5 scrolls of butterflies
 s - 8 scrolls of poison
 w - 26 scrolls of teleportation
 x - 9 scrolls of fog
 D - 6 scrolls of revelation
 M - 5 scrolls of enchant armour
 T - 3 scrolls of silence
Potions
 c - 3 potions of ambrosia
 f - 24 potions of curing
 h - 3 potions of might
 l - 2 potions of haste
 r - 2 potions of brilliance
 z - 5 potions of cancellation
 F - 4 potions of resistance
 I - 4 potions of magic
 O - a potion of berserk rage
Miscellaneous
 t - a tin of tremorstones (2/2)
 R - a lightning rod (4/4)


   Skills:
 O Level 27 Fighting
 O Level 27 Axes
 - Level 5.0 Throwing
 O Level 27 Armour
 O Level 27 Dodging
 - Level 3.6 Shields
 - Level 12.7 Invocations
 + Level 11.2 Evocations
 - Level 19.6 Shapeshifting


You had 26 spell levels left.
You didn't know any spells.
Your spell library contained the following spells:

 Spells                   Type           Power      Damage    Failure   Level
 Apportation              Tloc           0%         N/A       54%         1
 Freeze                   Ice            0%         1d3       54%         1
 Kiss of Death            Conj/Necr      0%         2d5       54%         1
 Magic Dart               Conj           0%         1d3       54%         1
 Necrotise                Necr           0%         1d4       54%         1
 Shock                    Conj/Air       0%         1d3       54%         1
 Slow                     Hex            0%         N/A       54%         1
 Sting                    Conj/Alch      0%         1d3       54%         1
 Summon Small Mammal      Summ           0%         N/A       54%         1
 Blink                    Tloc           0%         N/A       67%         2
 Call Imp                 Summ           0%         N/A       67%         2
 Cigotuvi's Dreadful Rot  Necr/Alch/Air  0%         N/A       67%         2
 Ensorcelled Hibernation  Hex/Ice        0%         N/A       67%         2
 Jinxbite                 Hex            0%         N/A       67%         2
 Lesser Beckoning         Tloc           0%         N/A       67%         2
 Mercury Vapours          Alch/Air       0%         N/A       67%         2
 Momentum Strike          Conj/Tloc      0%         3d8       67%         2
 Searing Ray              Conj           0%         2d4       67%         2
 Static Discharge         Conj/Air       0%         3-3/arc   67%         2
 Sublimation of Blood     Necr           0%         N/A       67%         2
 Call Canine Familiar     Summ           0%         N/A       88%         3
 Confusing Touch          Hex            0%         N/A       88%         3
 Dazzling Flash           Conj/Hex       0%         N/A       88%         3
 Fugue of the Fallen      Necr           0%         N/A       88%         3
 Gell's Gravitas          Tloc           0%         N/A       88%         3
 Hailstorm                Conj/Ice       0%         3d5       88%         3
 Mephitic Cloud           Conj/Alch/Air  0%         N/A       88%         3
 Ozocubu's Armour         Ice            0%         N/A       88%         3
 Passwall                 Erth           0%         N/A       88%         3
 Sigil of Binding         Hex            0%         N/A       88%         3
 Stone Arrow              Conj/Erth      0%         3d7       88%         3
 Summon Ice Beast         Ice/Summ       0%         N/A       88%         3
 Swiftness                Air            0%         N/A       88%         3
 Teleport Other           Tloc           0%         N/A       88%         3
 Tukima's Dance           Hex            0%         N/A       88%         3
 Vampiric Draining        Necr           0%         2d6       88%         3
 Airstrike                Air            0%         2d(0-16)  99%         4
 Anguish                  Hex/Necr       0%         N/A       99%         4
 Animate Armour           Summ/Erth      0%         N/A       99%         4
 Cause Fear               Hex            0%         N/A       99%         4
 Dimensional Bullseye     Hex/Tloc       0%         N/A       99%         4
 Flame Wave               Conj/Fire      0%         2d4       99%         4
 Fulminant Prism          Conj/Alch      0%         3d5       99%         4
 Ignite Poison            Fire/Alch      0%         N/A       99%         4
 Iskenderun's Mystic Bla  Conj/Tloc      0%         2d3       99%         4
 Martyr's Knell           Necr/Summ      0%         N/A       99%         4
 Olgreb's Toxic Radiance  Alch           0%         N/A       99%         4
 Passage of Golubria      Tloc           0%         N/A       99%         4
 Petrify                  Alch/Erth      0%         N/A       99%         4
 Summon Blazeheart Golem  Fire/Summ      0%         N/A       99%         4
 Summon Lightning Spire   Summ/Air       0%         N/A       99%         4
 Arcjolt                  Conj/Air       0%         1d10      100%        5
 Borgnjor's Vile Clutch   Necr/Erth      0%         N/A       100%        5
 Curse of Agony           Necr           0%         N/A       100%        5
 Fireball                 Conj/Fire      0%         3d3       100%        5
 Freezing Cloud           Conj/Ice/Air   0%         6-21      100%        5
 Irradiate                Conj/Alch      0%         3d11      100%        5
 Lee's Rapid Deconstruct  Erth           0%         3d4*      100%        5
 Metabolic Englaciation   Hex/Ice        0%         N/A       100%        5
 Silence                  Hex/Air        0%         N/A       100%        5
 Summon Forest            Summ/Tloc      0%         N/A       100%        5
 Summon Mana Viper        Hex/Summ       0%         N/A       100%        5
 Yara's Violent Unravell  Hex/Alch       0%         3d3       100%        5
 Conjure Ball Lightning   Conj/Air       0%         3x3d6     100%        6
 Dispersal                Tloc           0%         N/A       100%        6
 Sculpt Simulacrum        Ice/Alch       0%         N/A       100%        6
 Summon Cactus Giant      Summ           0%         N/A       100%        6
 Enfeeble                 Hex            0%         N/A       100%        7
 Monstrous Menagerie      Summ           0%         N/A       100%        7
 Summon Hydra             Summ           0%         N/A       100%        7
 Discord                  Hex            0%         N/A       100%        8
 Ignition                 Fire           0%         3d3       100%        8
 Lehudib's Crystal Spear  Conj/Erth      0%         10d2      100%        8
 Maxwell's Capacitive Co  Air            0%         ∞         100%        8
 Chain Lightning          Conj/Air       0%         N/A       100%        9
 Dragon's Call            Summ           0%         N/A       100%        9
 Fire Storm               Conj/Fire      0%         5d1       100%        9
 Polar Vortex             Ice            0%         N/A       100%        9
 Shatter                  Erth           0%         3d5*      100%        9


Dungeon Overview and Level Annotations

Branches:
Dungeon (15/15)            Temple (1/1) D:4            Lair (5/5) D:8
  Swamp (4/4) Lair:3        Snake (4/4) Lair:3        Slime (5/5) Lair:4
    Orc (2/2) D:12            Elf (3/3) Orc:2        Vaults (5/5) D:14
  Crypt (3/3) Vaults:3       Tomb (1/3) Crypt:3      Depths (4/4) D:15
    Zot (5/5) Depths:4    Ossuary (visited)           IceCv (visited)
Volcano (visited)         Desolation (visited)      Gauntlet (visited)

Altars:
Ashenzari
Cheibriados
Dithmenos
Elyvilon
Fedhas
Gozag
Hepliaklqana
Kikubaaqudgha
Makhleb
Nemelex Xobeh
Okawaru
Qazlal
Ru
Sif Muna
Trog
Uskayaw
Vehumet
Wu Jian
Xom
Yredelemnul
Zin
The Shining One
Jiyva
Lugonu

Shops:
D:1 !   D:6 [   Orc:1 *   Orc:2 =*[(((   Elf:1 (!:   Snake:2 (   Snake:3 (=
Vaults:5 ?

Portals:
Hell: Lair:5 Depths:1 Depths:2 Depths:3 Depths:4
Abyss: Depths:2 Depths:3
Pandemonium: Depths:1 Depths:2 Depths:4

Annotations:
Zot:1 3 runed translucent doors, Uneer's ghost, legendary GnFE


Innate Abilities, Weirdness & Mutations

You have a pair of horns on your head.
You reflexively headbutt those who attack you in melee.
Armour fits poorly on your strangely shaped body.
Your muscles are strong. (Str +4, Int/Dex -1)
You occasionally lose the ability to drink potions when taking damage.
Your health recovers twice as slowly from being drained.


Message History

The seraph shouts a warning to its allies!
The cherub unwields a +4 long sword of flaming.
It stops flaming.
The cherub wields a +0 sling.
The cherub shoots a sling bullet.
The sling bullet completely misses you.
The seraph gestures.
Blink to where?
Press: ? - help, Q - select action, (/) - cycle Dir - move target
As you read the scroll of blinking, it crumbles to dust.
The cherub sings a powerful hymn!
The angels go into a battle-frenzy!
The seraph gestures.
The seraph begins to accept its allies' injuries.
The cherub sings a powerful hymn!
The cherub goes into a battle-frenzy!
There is a stone staircase leading up here.
The seraph gestures.
You climb upwards.
There is a stone staircase leading down here.
Aiming: Dig
Press: ? - help, Q - select action, (/) - cycle Shift-Dir - straight line You can't see that place.
The rock shatters into small pieces.
Aiming: Dig
Press: ? - help, Q - select action, (/) - cycle Shift-Dir - straight line A rock wall.
This square is lit by a halo and is covered in magical glow.
The rock shatters into small pieces.
Aiming: Dig
Press: ? - help, Q - select action, (/) - cycle Shift-Dir - straight line A rock wall.
This square is lit by a halo and is covered in magical glow.
The rock shatters into small pieces.
A rust devil comes into view.
There is a stone staircase leading down here.
You open the rust devil like a pillowcase!!!
You kill the rust devil!
The Shining One accepts your kill.
There is an open door here.
There is a staircase leading out of the dungeon here.
You have escaped!

..#...#...##...P.P.P.##...#...#..
..#...#...####.P.P.####...#...#..
'##...#...##.##.####.##...#...##'
.###..#...#...#...#...#...#..###.
...#'##...#...#.>.#...#...##'#...
......##'###'##....#'###'##......
##...........###'##............##
.#####.....................#####.
....#######.....@.....######.....
###......##############...##.###.
########.....................#.#.
.# #############.###.......#. .#
#.###†#####.#. .# #.............
.###### ####.#...##.## †.....#
###### ##.#...##.#
......########....####..#...##.#


There were no monsters in sight!

Vanquished Creatures
  the Royal Jelly (Slime:5)
  6 dread liches
  Frederick (Vaults:3)
  13 orbs of fire
  Mara (Depths:3)
  8 ancient liches
  Sojobo (Vaults:3)
  Boris (twice) (Vaults:3 Depths:4)
  Vv (Crypt:1)
  7 Killer Klowns (Zot:5)
  2 royal mummies (Tomb:1)
  Vashnia (Snake:3)
  Bai Suzhen (Snake:3)
  2 caustic shrikes
  2 curse toes (Zot:2)
  10 golden dragons
  Jory (Crypt:2)
  3 bone dragons
  Nikola (Snake:3)
  2 doom hounds (Zot:3)
  2 electric golems (Zot:5)
  15 tentacled monstrosities
  2 iron giants (Zig:7)
  28 Orb Guardians
  2 Ice Fiends (IceCv)
  Jorgrun (Snake:2)
  9 liches
  A walking earthen tome (Depths:2)
  7 titans
  Grunn (Zot:3)
  20 acid blobs
  4 deep elf blademasters
  The ghost of Enish the Spry, an adept KoDe of Ashenzari (Vaults:1)
  A walking frostbound tome (Zig:4)
  10 tentacled starspawn
  12 quicksilver dragons
  An Executioner (Abyss:5)
  2 walking divine tomes
  8 death cobs
  19 sphinxes
  2 deep elf master archers
  5 tengu reavers
  10 shadow dragons
  4 ancient champions
  The ghost of Suckerboh the Bludgeoner, an adept MiGl of the Shining One (Depths:2)
  11 storm dragons
  A fenstrider witch (Zig:10)
  4 revenants
  Donald (Vaults:3)
  8 fire giants
  Aizul (Snake:3)
  8 draconian monks
  5 nagarajas (Snake:4)
  2 protean progenitors (Zot:5)
  20 azure jellies
  4 draconian knights
  7 frost giants
  Louise (Elf:3)
  4 draconian shifters
  6 deep elf elementalists
  12 deep elf sorcerers
  16 rockslimes
  3 iron dragons
  A quicksilver elemental (Zig:6)
  17 vault wardens
  6 curse skulls
  An emperor scorpion (Zig:5)
  A shard shrike simulacrum (Abyss:4)
  2 imperial myrmidons
  2 balrugs
  5 draconian scorchers
  2 draconian stormcallers
  15 very ugly things
  24 ironbound preservers
  A spriggan defender (Depths:3)
  3 draconian annihilators
  4 orc warlords
  2 caustic shrike zombies (Crypt:3)
  3 ghouls
  12 quicksilver oozes
  7 formless jellyfish
  16 stone giants
  8 deep elf death magi
  6 vampire knights
  11 black draconians
  9 ironbound thunderhulks
  9 green draconians
  7 deep elf demonologists
  7 deep elf annihilators
  A halazid warlock (Desolation)
  4 yellow draconians
  9 eleionomae
  4 bunyips
  8 white draconians
  A minotaur (Gauntlet)
  7 war gargoyles
  12 dire elephants
  7 purple draconians
  7 red draconians
  3 eidola
  An iron golem (Zig:7)
  3 crystal guardians (Crypt:3)
  22 ettins
  4 mummy priests (Tomb:1)
  2 blizzard demons (Abyss:5)
  Josephine (D:12)
  3 deep elf high priests (Elf:3)
  4 fire dragons
  10 jiangshi
  A merfolk impaler (Abyss:5)
  Fannar (D:12)
  3 entropy weavers
  3 spriggan zombies
  3 ragged hierophants
  14 yaktaur captains
  A servant of whispers (Elf:1)
  4 shambling mangroves
  An entropy weaver (shapeshifter) (Elf:1)
  A quicksilver dragon skeleton (Crypt:3)
  26 hydras
  6 great orbs of eyes
  7 ogre magi
  A hell beast (Depths:2)
  A caustic shrike simulacrum (IceCv)
  5 peacekeepers
  6 ice dragons
  9 ironbound frosthearts
  37 vault guards
  Erolcha (Orc:1)
  An ice dragon (shapeshifter) (Vaults:5)
  3 ghost crabs
  An Orb Guardian zombie (Crypt:1)
  15 alligators
  3 rakshasas
  2 centaur warriors (D:14)
  5 spriggan air magi
  A catoblepas (D:13)
  8 anacondas
  3 boulder beetles
  3 deep troll earth magi
  33 dancing weapons
  14 naga warriors
  2 demonic crawlers
  3 tengu warriors
  19 two-headed ogres
  9 deep troll shamans
  5 death yaks (Lair:1)
  20 naga sharpshooters
  7 death scarabs (Tomb:1)
  7 vampire magi
  A quicksilver ooze zombie (Crypt:2)
  4 shock serpents
  9 thrashing horrors
  2 occultists
  3 titan zombies
  5 orc high priests
  Urug (D:11)
  6 spriggan berserkers
  16 hell knights
  21 deep elf knights
  An emperor scorpion zombie (Tomb:1)
  3 sun demons (Abyss:5)
  A titan skeleton (Crypt:1)
  5 goliath frogs
  A soul eater (Crypt:1)
  5 sixfirhies
  6 salamander mystics
  9 wretched stars
  40 skeletal warriors
  A spatial maelstrom (Abyss:5)
  10 iron trolls
  7 glowing orange brains
  A spark wasp zombie (Depths:1)
  68 deep trolls
  A skyshark (Lair:4)
  A swamp dragon (shapeshifter) (Elf:2)
  3 orange crystal statues
  11 swamp dragons
  A sea snake (shapeshifter) (Vaults:5)
  A golden dragon zombie (Depths:1)
  2 anaconda zombies (Crypt:1)
  7 bog bodies
  13 deep elf archers
  17 naga ritualists
  5 flayed ghosts
  Pikel (D:8)
  6 arcanists
  6 spriggan druids
  29 mana vipers
  A spriggan simulacrum (Crypt:1)
  27 ironbound convokers
  5 obsidian statues
  9 lindwurms (Vaults:1)
  29 deep elf zephyrmancers
  10 phantasmal warriors
  43 deep elf pyromancers
  19 large abominations
  17 orc knights
  13 necromancers
  19 ugly things
  2 stone giant zombies
  6 will-o-the-wisps
  2 oklob plants
  A wolf spider (Zig:5)
  2 worldbinders
  A goliath frog skeleton (Crypt:1)
  7 orc sorcerers
  11 shining eyes
  4 manticores
  An alligator skeleton (Crypt:1)
  16 moths of wrath
  9 salamanders
  9 cyclopes
  A stone giant skeleton (Crypt:3)
  53 black mambas
  18 vault sentinels
  11 smoke demons
  2 ice statues (Zig:6)
  11 naga magi
  7 kobold blastminers
  4 eyes of devastation
  A rust devil (D:1)
  2 guardian serpents
  14 cane toads
  5 gargoyles
  An apocalypse crab (Gauntlet)
  A molten gargoyle (Desolation)
  5 orange demons
  A kobold demonologist (D:7)
  An unseen horror (Abyss:1)
  2 torpor snails
  A tormentor (Depths:2)
  19 yaktaurs
  6 golden dragon simulacra (IceCv)
  7 rime drakes
  12 freezing wraiths
  5 tengu conjurers
  An anaconda simulacrum (Crypt:1)
  7 komodo dragons
  A death yak skeleton (Crypt:2)
  A bunyip simulacrum (Tomb:1)
  6 guardian mummies (Tomb:1)
  An efreet (D:15)
  A catoblepas skeleton (Crypt:1)
  An ice devil (Lair:5)
  A hydra zombie (Crypt:3)
  8 ancient zymes
  A minotaur skeleton (Crypt:3)
  9 trolls
  3 polar bears
  A shadow dragon simulacrum (Depths:1)
  A silent spectre (Abyss:5)
  3 bloated husks
  23 hornets
  2 harpy zombies
  A merfolk (shapeshifter) (Vaults:5)
  3 hellwings
  2 harpy skeletons
  4 glass eyes
  10 tyrant leeches
  13 dream sheep
  15 saltlings
  3 blink frogs (Lair:4)
  A blink frog (shapeshifter) (Vaults:5)
  11 raiju
  A fire dragon zombie (Crypt:3)
  Prince Ribbit (D:8)
  Grinder (D:4)
  An ettin zombie (Vaults:4)
  A deep troll zombie (Vaults:2)
  A dream sheep (shapeshifter) (Vaults:1)
  50 slime creatures
  4 ettin skeletons
  3 air elementals
  19 spriggans
  2 spriggans (shapeshifter)
  A dire elephant simulacrum (IceCv)
  A culicivora (Zot:5)
  A black mamba zombie (Abyss:1)
  9 wraiths
  A jumping spider (Zig:5)
  A centaur simulacrum (D:15)
  3 water elementals
  4 wyverns
  A guardian serpent skeleton (Crypt:2)
  A shadow (D:10)
  4 ynoxinuls
  6 basilisks
  2 ushabtiu (Tomb:1)
  A basilisk (shapeshifter) (D:15)
  23 starcursed masses
  5 fire elementals
  31 yaks
  5 neqoxecs
  5 wargs
  3 redbacks
  A redback simulacrum (D:15)
  13 vampire mosquitoes
  4 chaos spawn
  15 two-headed ogre zombies (Orc:1)
  18 swamp worms
  3 hydra simulacra (IceCv)
  A skyshark zombie (Crypt:1)
  34 nagas
  2 naga zombies
  A spatial vortex (Abyss:5)
  A harpy simulacrum (IceCv)
  2 acid dragons
  22 water moccasins
  4 hell hounds (Lair:5)
  8 swamp drakes
  47 orc warriors
  A sky beast (D:6)
  2 ettin simulacra (IceCv)
  A dream sheep zombie (Crypt:2)
  4 black bears
  A crocodile (shapeshifter) (Vaults:5)
  4 small abominations
  32 laughing skulls
  An ogre (shapeshifter) (D:14)
  11 ogres
  16 wolves
  9 centaurs
  7 boggarts
  A lemure (D:8)
  A phantom (D:5)
  4 weeping skulls
  A brain worm (Abyss:1)
  A rime drake zombie (Crypt:1)
  A kobold brigand (D:6)
  16 bullfrogs
  An entropy weaver simulacrum (Vaults:4)
  6 necrophages
  A warg zombie (Crypt:2)
  2 deep troll simulacra (IceCv)
  4 scorpions (D:6)
  7 earth elementals
  17 wights
  A water moccasin zombie (D:5)
  A water moccasin skeleton (D:5)
  A burial acolyte (Ossuary)
  5 killer bees (D:9)
  7 howler monkeys
  An electric eel (Lair:1)
  3 bombardier beetles
  3 centaur zombies
  A quasit (Abyss:1)
  A bullfrog zombie (D:5)
  2 hounds (D:5)
  2 human zombies
  3 centaur skeletons
  2 gnoll boudas
  18 orc priests
  3 sleepcaps
  A jelly (D:6)
  2 iguanas
  An iron imp (Abyss:1)
  2 scorpion zombies
  32 orc wizards
  2 hound zombies (D:5)
  A hound skeleton (D:5)
  11 mummies (Tomb:1)
  5 adders
  9 gnolls
  4 shadow imps
  4 white imps
  7 ufetubi
  2 dart slugs
  3 ribbon worms
  91 orcs
  3 ball pythons
  9 endoplasms
  A giant cockroach (D:2)
  6 goblins
  5 hobgoblins
  11 kobolds
  4 quokkas
  2 ball python skeletons (Ossuary)
  7 bats
  6 frilled lizards
  A kobold skeleton (Ossuary)
  5 orc skeletons (Ossuary)
  5 rats
  4 aspiring fleshes (Zot:5)
  A foxfire (Swamp:3)
  2 lurking horrors
  5 starspawn tentacles (Abyss:5)
2682 creatures vanquished.

Vanquished Creatures (collateral kills)
  An acid blob (Slime:5)
  2 orc warlords
  Snorg (Lair:3)
  A jiangshi (Crypt:1)
  A great orb of eyes (Slime:5)
  The ghost of diceflayer the Severer, a journeyman DsFi (D:11)
  An ogre mage (Volcano)
  A death knight (Crypt:1)
  A dancing weapon (Zig:8)
  An alligator (Zig:9)
  A sphinx skeleton (Crypt:1)
  A vampire mage (Crypt:1)
  A skeletal warrior (Crypt:1)
  A swamp dragon (Swamp:3)
  2 necromancers
  An ugly thing (Depths:2)
  2 will-o-the-wisps
  A grey draconian skeleton (Crypt:1)
  A komodo dragon (Lair:3)
  A black draconian skeleton (Crypt:1)
  2 slime creatures (Slime:3)
  3 yaks
  A harpy simulacrum (Crypt:1)
  An orc warrior (Orc:2)
  A laughing skull (Crypt:1)
  A boggart (Vaults:3)
  A naga simulacrum (Crypt:1)
  A swamp dragon simulacrum (Crypt:1)
  An orc priest (Orc:2)
35 creatures vanquished.

Vanquished Creatures (others)
  2 storm dragons (Zot:3)
  An iron dragon (Vaults:5)
  A draconian stormcaller (Zot:3)
  A black draconian (Zot:3)
  A jiangshi (Depths:2)
  2 hydras (Zig:9)
  A shock serpent (Snake:4)
  A will-o-the-wisp (Zig:10)
  A centaur skeleton (Crypt:3)
  A troll (Zig:3)
  A spriggan (shapeshifter) (Zig:8)
  2 yaks (Lair:1)
  A naga (Snake:4)
  An orc warrior (Orc:2)
  A boggart (Vaults:1)
  A weeping skull (Abyss:5)
  An orc priest (Orc:2)
  An orc wizard (Orc:2)
  An orc (Orc:2)
  20 foxfires
  83 spectral weapons
  19 starspawn tentacles
144 creatures vanquished.

Grand Total: 2861 creatures vanquished

Notes
Turn   | Place    | Note
-------+----------+-------------------------------------------
     0 | D:1      | suse60 the Minotaur Fighter began the quest for the Orb.
     0 | D:1      | Reached XP level 1. HP: 19/19 MP: 0/0
   251 | D:1      | Found Lutoe's Distillery.
   253 | D:1      | Reached XP level 2. HP: 27/27 MP: 1/1
  1043 | D:2      | Reached XP level 3. HP: 34/34 MP: 2/2
  1376 | D:2      | Found a faded altar of an unknown god.
  1844 | D:3      | Reached skill level 5 in Fighting
  1844 | D:3      | Reached XP level 4. HP: 42/42 MP: 3/3
  2321 | D:3      | Noticed Sigmund
  2458 | D:4      | Reached XP level 5. HP: 27/49 MP: 4/4
  2517 | D:4      | Found a white marble altar of Elyvilon.
  2530 | D:4      | Reached skill level 5 in Axes
  2604 | D:4      | Found a staircase to the Ecumenical Temple.
  2606 | D:4      | Noticed Grinder
  2620 | D:4      | Killed Grinder
  2621 | D:4      | Reached XP level 6. HP: 55/58 MP: 5/5
  2629 | Temple   | Entered the Ecumenical Temple
  2691 | D:4      | Found a sand-covered staircase.
  2695 | Ossuary  | Entered an ossuary
  2861 | Ossuary  | Reached XP level 7. HP: 39/66 MP: 6/6
  3467 | D:3      | Sigmund changed into Sigmund the swamp drake
  3467 | D:3      | Noticed Sigmund
  3480 | D:3      | Killed Sigmund the swamp drake
  3657 | D:5      | Entered Level 5 of the Dungeon
  3900 | D:5      | Identified the +4 chain mail of Xom's Felicitations
                  | {Rampage}
  4061 | D:5      | Reached XP level 8. HP: 73/77 MP: 7/7
  4553 | D:5      | Found an ancient bone altar of Kikubaaqudgha.
  4641 | D:5      | Reached skill level 10 in Fighting
  4839 | D:6      | Reached skill level 10 in Axes
  5012 | D:6      | Reached skill level 1 in Dodging
  5017 | D:6      | Reached skill level 5 in Armour
  5017 | D:6      | Reached XP level 9. HP: 77/85 MP: 8/8
  5076 | D:6      | Found Osise's Armour Boutique.
  5084 | D:6      | Bought a +2 pair of gloves for 214 gold pieces
  5374 | D:6      | Found a sacrificial altar of Ru.
  5376 | D:6      | Found an iron altar of Okawaru.
  5377 | D:6      | Found a glowing golden altar of the Shining One.
  5384 | D:6      | Found a sparkling altar of Nemelex Xobeh.
  5406 | D:6      | Found a blossoming altar of Fedhas.
  5407 | D:6      | Became a worshipper of the Shining One
  5410 | D:6      | Found a radiant altar of Vehumet.
  5421 | D:6      | Found a burning altar of Makhleb.
  5424 | D:6      | Found an opulent altar of Gozag.
  5425 | D:6      | Found a basalt altar of Yredelemnul.
  5959 | D:7      | Reached skill level 5 in Dodging
  6195 | D:7      | Noticed a kobold demonologist
  6221 | D:7      | Noticed a rust devil
  6221 | D:7      | Killed a kobold demonologist
  6285 | D:7      | Reached XP level 10. HP: 90/93 MP: 9/9
  6602 | D:7      | Found a glowing silver altar of Zin.
  6974 | D:8      | Reached * piety under the Shining One
  7015 | D:8      | Noticed Pikel
  7018 | D:8      | Noticed Prince Ribbit
  7038 | D:8      | Killed Pikel
  7039 | D:8      | Reached skill level 10 in Armour
  7044 | D:8      | Killed Prince Ribbit
  7077 | D:8      | Reached skill level 1 in Invocations
  7410 | D:8      | Found a staircase to the Lair.
  7442 | D:8      | Noticed a two-headed ogre
  7452 | D:8      | Killed a two-headed ogre
  7993 | D:9      | Reached XP level 11. HP: 73/99 MP: 11/13
  8712 | D:9      | Reached skill level 10 in Dodging
  8728 | D:9      | Reached ** piety under the Shining One
  8978 | D:10     | Entered Level 10 of the Dungeon
  8980 | D:10     | Noticed a two-headed ogre
  8985 | D:10     | Killed a two-headed ogre
  8986 | D:10     | Reached skill level 5 in Invocations
  9085 | D:10     | Found a hazy altar of Hepliaklqana.
  9086 | D:10     | Found a shimmering altar of Xom.
  9115 | D:10     | Reached skill level 1 in Evocations
 10105 | D:11     | Noticed Urug
 10112 | D:11     | Killed Urug
 10264 | D:11     | Noticed a red ugly thing
 10294 | D:11     | Killed a red ugly thing
 10496 | D:11     | Found a large runed translucent door.
 10496 | D:11     | Found a large runed translucent door.
 10573 | D:11     | Upgraded the game from 0.31.0-11-ge490571c62 to
                  | 0.31.0-12-g77e489cdc1
 10781 | D:11     | Noticed diceflayer's ghost (journeyman DsFi)
 10814 | D:12     | Noticed Fannar
 10828 | D:12     | Killed Fannar
 11081 | D:12     | Reached skill level 5 in Evocations
 11095 | D:12     | Identified the +0 robe of the Desolation of Salt {*Slow rN+
                  | Regen+ Slay+2}
 11128 | D:12     | Noticed Josephine
 11134 | D:12     | Killed Josephine
 11158 | D:12     | Noticed a boulder beetle
 11175 | D:12     | Reached XP level 12. HP: 46/106 MP: 17/17
 11179 | D:12     | Killed a boulder beetle
 11528 | D:12     | Reached skill level 1 in Throwing
 11712 | D:12     | Found a staircase to the Orcish Mines.
 11919 | D:12     | Reached *** piety under the Shining One
 12100 | Orc:1    | Entered Level 1 of the Orcish Mines
 12384 | Orc:1    | Found Menlapoe's Assorted Antiques.
 12390 | Orc:1    | Bought a scroll labelled PUT ZIOKKYTEN for 32 gold pieces
 12893 | Orc:1    | Reached skill level 10 in Invocations
 12898 | Orc:1    | Reached skill level 5 in Throwing
 12907 | Orc:1    | Reached **** piety under the Shining One
 12925 | Orc:1    | Noticed Erolcha
 12936 | Orc:1    | Killed Erolcha
 13059 | Orc:1    | Found the +18 shield of the Gong {Loud rN+ Will+ rCorr
                  | EV-5}
 13292 | Orc:1    | Noticed an orc high priest
 13378 | Orc:1    | Killed an orc high priest
 13561 | Orc:2    | Entered Level 2 of the Orcish Mines
 13735 | Orc:2    | Found Galec's Weapon Shop.
 13928 | Orc:2    | Reached ***** piety under the Shining One
 13929 | Orc:2    | Noticed an orc warlord
 13929 | Orc:2    | Noticed an orc high priest
 13964 | Orc:2    | Killed an orc high priest
 13969 | Orc:2    | Reached XP level 13. HP: 114/116 MP: 19/19
 14289 | Orc:2    | Found a staircase to the Elven Halls.
 14292 | Orc:2    | Found Ruweppir's Weapon Shop.
 14292 | Orc:2    | Noticed an orc warlord
 14331 | Orc:2    | Killed an orc warlord
 14862 | Orc:2    | Paralysed by an orc sorcerer for 4 turns
 14866 | Orc:2    | Gained mutation: Your body sometimes deteriorates upon
                  | taking damage. [a neqoxec]
 14915 | Orc:2    | Found Kuhublero's General Store.
 14916 | Orc:2    | Found Pirop's Jewellery Boutique.
 14917 | Orc:2    | Found Vatyag's Antique Armour Boutique.
 14917 | Orc:2    | Found Owips's Antique Weapon Shop.
 14931 | Orc:2    | Bought a potion of mutation for 112 gold pieces
 14931 | Orc:2    | Bought a potion of curing for 42 gold pieces
 14931 | Orc:2    | Bought a potion of curing for 42 gold pieces
 15007 | Orc:2    | Killed an orc warlord
 15369 | Orc:1    | Bought a potion of mutation for 256 gold pieces
 15448 | D:11     | Killed diceflayer's ghost
 15553 | Lair:1   | Entered Level 1 of the Lair of Beasts
 17590 | Lair:2   | Identified the +1 leather armour of the Modern Thickets
                  | {Regen+}
 17846 | Lair:3   | Noticed Snorg
 17862 | Lair:3   | Killed Snorg
 17863 | Lair:3   | Reached XP level 14. HP: 72/132 MP: 12/21
 18579 | Lair:3   | Found a staircase to the Snake Pit.
 18814 | Lair:3   | Found a staircase to the Swamp.
 19169 | Lair:4   | Found a dark tunnel.
 19181 | Volcano  | Entered a volcano
 19359 | Volcano  | Found a bloodstained altar of Trog.
 19591 | Volcano  | Reached skill level 15 in Fighting
 19591 | Volcano  | Reached skill level 15 in Axes
 20443 | Lair:4   | Found a staircase to the Slime Pits.
 20444 | Lair:4   | Found a viscous altar of Jiyva.
 20601 | Lair:5   | Entered Level 5 of the Lair of Beasts
 20614 | Lair:5   | Found a basalt altar of Yredelemnul.
 21655 | Lair:5   | Found a burning altar of Makhleb.
 21674 | Lair:5   | Reached ****** piety under the Shining One
 21702 | Lair:5   | Found a gateway to Hell.
 21959 | Lair:5   | Reached XP level 15. HP: 96/144 MP: 23/23
 22661 | D:13     | Found a gate leading to a gauntlet.
 22673 | Gauntlet | Entered a Gauntlet
 22673 | Gauntlet | Found a transporter.
 22673 | Gauntlet | Found a transporter.
 22685 | Gauntlet | Found a transporter.
 22702 | Gauntlet | Found a transporter.
 22702 | Gauntlet | Found a transporter.
 22704 | Gauntlet | Found a transporter.
 22704 | Gauntlet | Found a transporter.
 22706 | Gauntlet | Found a transporter.
 22717 | Gauntlet | Found a transporter.
 22733 | Gauntlet | Found a transporter.
 22742 | Gauntlet | Found a runed translucent door.
 22743 | Gauntlet | Found a transporter.
 22744 | Gauntlet | Found a runed translucent door.
 22757 | Gauntlet | Found a transporter.
 22777 | Gauntlet | Found a transporter.
 22793 | Gauntlet | Found a transporter.
 22862 | Gauntlet | Identified the +1 hat "Uwkiripu" {rN+ Int+3}
 22953 | Gauntlet | Identified the ring "Xynuaro" {rC+ MP+9 Stlth+}
 23730 | D:13     | Reached skill level 1 in Shapeshifting
 24433 | D:14     | Got Roasehuf's Guidebook on Reconfiguration
 24535 | D:14     | Found a snail-covered altar of Cheibriados.
 24701 | D:14     | Identified the +3 leather armour "Koeqix" {-Tele +Inv rCorr
                  | Str+3}
 24927 | D:14     | Found a gate to the Vaults.
 25016 | D:14     | Acquired the scarf of the Stars {repulsion, rPois Str+3
                  | Int+2 Dex+2}
 25098 | D:15     | Entered Level 15 of the Dungeon
 25099 | D:15     | Acquired the +4 executioner's axe "Zeihug" {spect, *Corrode
                  | Will+++ Str+5 Int-2}
 25226 | D:15     | Found a white marble altar of Elyvilon.
 25572 | D:15     | Found a staircase to the Depths.
 25637 | D:15     | Found a sparkling altar of Nemelex Xobeh.
 26005 | Snake:1  | Entered Level 1 of the Snake Pit
 26177 | Snake:1  | Reached XP level 16. HP: 157/157 MP: 24/24
 27328 | Snake:2  | Reached skill level 5 in Shapeshifting
 27398 | Snake:2  | Noticed Jorgrun
 27408 | Snake:2  | Killed Jorgrun
 27906 | Snake:2  | Identified the +5 flail "Ziaj" {venom, Int+3 Dex+3}
 28246 | Snake:2  | Found a transporter.
 28246 | Snake:2  | Found Fiossev's Antique Weapon Emporium.
 28277 | Snake:2  | Found a transporter.
 28924 | Snake:3  | Found Isyront's Jewellery Shop.
 28924 | Snake:3  | Found His Nob's Antique Weapon Boutique.
 28942 | Snake:3  | Bought a ring of protection from fire for 400 gold pieces
 28963 | Snake:3  | Identified the serpent talisman of Summer {rC+}
 28963 | Snake:3  | Noticed Aizul
 28963 | Snake:3  | Noticed Vashnia
 28981 | Snake:3  | Killed Aizul
 29012 | Snake:3  | Killed Vashnia
 29094 | Snake:3  | Noticed Nikola
 29103 | Snake:3  | Killed Nikola
 29755 | Snake:3  | Noticed Bai Suzhen
 29772 | Snake:3  | Killed Bai Suzhen
 30070 | Snake:3  | Reached XP level 17. HP: 168/168 MP: 25/25
 30625 | Snake:4  | Entered Level 4 of the Snake Pit
 30679 | Snake:4  | Found a glacial archway.
 30696 | IceCv    | Entered an ice cave
 31040 | IceCv    | Noticed an Ice Fiend
 31040 | IceCv    | Noticed an Ice Fiend
 31053 | IceCv    | Killed an Ice Fiend
 31058 | IceCv    | Killed an Ice Fiend
 33173 | Snake:4  | Got a serpentine rune of Zot
 33577 | Elf:1    | Entered Level 1 of the Elven Halls
 33653 | Elf:1    | Reached XP level 18. HP: 146/180 MP: 26/26
 33685 | Elf:1    | Found a crumbling gateway.
 33695 | Desolati | Entered the Desolation of Salt
 34210 | Elf:1    | Found Mas Xoph's Book Shoppe.
 34565 | Elf:1    | Found Santef's Weapon Shoppe.
 34768 | Elf:1    | Found Pitucani's Distillery.
 34781 | Elf:1    | Bought a potion of might for 52 gold pieces
 34781 | Elf:1    | Bought a potion of resistance for 130 gold pieces
 34781 | Elf:1    | Bought a potion of heal wounds for 65 gold pieces
 34781 | Elf:1    | Bought a potion of heal wounds for 65 gold pieces
 34781 | Elf:1    | Bought a potion of curing for 39 gold pieces
 35310 | Elf:2    | Got the Vademecum on Accompaniment
 35604 | Elf:2    | Reached skill level 10 in Shapeshifting
 35605 | Elf:2    | Found a runed translucent gate.
 35605 | Elf:2    | Found a runed translucent gate.
 35606 | Elf:2    | Found a runed translucent gate.
 35710 | Elf:2    | Acquired a manual of Fighting
 36601 | Orc:2    | Bought a runed plate armour for 702 gold pieces
 36905 | Vaults:1 | Entered Level 1 of the Vaults
 37204 | Vaults:1 | Reached XP level 19. HP: 170/193 MP: 27/27
 37710 | Vaults:1 | Found a transporter.
 37716 | Vaults:1 | Noticed Enish's ghost (adept KoDe)
 37718 | Vaults:1 | Found a transporter.
 38690 | Vaults:1 | Killed Enish's ghost
 40583 | Vaults:3 | Noticed Donald
 40593 | Vaults:3 | Killed Donald
 40700 | Vaults:3 | Noticed Sojobo
 40705 | Vaults:3 | Killed Sojobo
 40744 | Vaults:3 | Reached XP level 20. HP: 196/211 MP: 28/28
 40789 | Vaults:3 | Identified the orb of the Stone Wall {light, Harm}
 40789 | Vaults:3 | Noticed Frederick
 40799 | Vaults:3 | The Shining One protects you from harm!
 41177 | Vaults:3 | Killed Frederick
 41375 | Vaults:3 | Noticed Boris
 41383 | Vaults:3 | Killed Boris
 41598 | Vaults:3 | Found an ancient bone altar of Kikubaaqudgha.
 41633 | Vaults:3 | Found a staircase to the Crypt.
 41636 | Vaults:3 | Found a basalt altar of Yredelemnul.
 42334 | Crypt:1  | Entered Level 1 of the Crypt
 42352 | Crypt:1  | Noticed Vv
 42363 | Crypt:1  | Killed Vv
 43684 | Crypt:2  | Found an ancient bone altar of Kikubaaqudgha.
 43834 | Crypt:2  | Noticed Jory
 43859 | Crypt:2  | Killed Jory
 44127 | Crypt:2  | Reached XP level 21. HP: 222/222 MP: 29/29
 44127 | Crypt:2  | Identified the ring of Cungik {rPois rF+ Str+2 Int+6}
 44479 | Crypt:3  | Entered Level 3 of the Crypt
 44741 | Crypt:3  | Found a basalt altar of Yredelemnul.
 44741 | Crypt:3  | Noticed an ancient lich
 44746 | Crypt:3  | Killed an ancient lich
 45102 | Crypt:3  | Found a staircase to the Tomb.
 45122 | Crypt:3  | Identified the staff "Riabbog" {rElec rPois Fire Earth}
 45122 | Crypt:3  | Identified the death talisman "Qomuv" {Str+7 Int-4}
 45364 | Crypt:3  | Identified the granite talisman of the Abyss {Fly rC+++}
 45475 | Crypt:3  | Upgraded the game from 0.31.0-12-g77e489cdc1 to
                  | 0.31.0-32-g396128a36d
 45478 | Tomb:1   | Entered Level 1 of the Tomb of the Ancients
 45538 | Tomb:1   | Reached skill level 27 in Fighting
 45559 | Tomb:1   | Reached skill level 27 in Axes
 46057 | Tomb:1   | Noticed a royal mummy
 46063 | Tomb:1   | Killed a royal mummy
 46294 | Tomb:1   | Noticed a royal mummy
 46304 | Tomb:1   | Killed a royal mummy
 46979 | Vaults:4 | Reached XP level 22. HP: 219/233 MP: 30/30
 47748 | Vaults:4 | Reached skill level 15 in Armour
 48524 | Swamp:1  | Entered Level 1 of the Swamp
 50249 | Swamp:3  | Reached skill level 15 in Shapeshifting
 50295 | Swamp:4  | Entered Level 4 of the Swamp
 51019 | Swamp:4  | Got a decaying rune of Zot
 51251 | Slime:1  | Entered Level 1 of the Pits of Slime
 51926 | Slime:5  | Entered Level 5 of the Pits of Slime
 51942 | Slime:5  | Gained mutation: You are strong-willed. (Will+) [a shining
                  | eye]
 51943 | Slime:5  | Gained mutation: You sometimes lose your temper in combat.
                  | [a shining eye]
 51994 | Slime:5  | Gained mutation: Your body often deteriorates upon taking
                  | damage. [a shining eye]
 52028 | Slime:5  | Reached XP level 23. HP: 240/240 MP: 25/31
 52041 | Slime:4  | Found a shimmering altar of Xom.
 52241 | Slime:4  | Lost mutation: Your body often deteriorates upon taking
                  | damage. [potion of mutation]
 52241 | Slime:4  | Lost mutation: You sometimes lose your temper in combat.
                  | [potion of mutation]
 52241 | Slime:4  | Gained mutation: You have a somewhat thin skeletal
                  | structure. (Dex +2, Stealth+) [potion of mutation]
 52366 | Slime:5  | Noticed the Royal Jelly
 52376 | Slime:5  | HP: 11/240 [azure jelly[the Royal Jelly] (17)]
 52376 | Slime:5  | HP: 3/240 [azure jelly[the Royal Jelly] (3)]
 52376 | Slime:5  | The Shining One protects you from harm!
 52376 | Slime:5  | The Shining One protects you from harm!
 52376 | Slime:5  | The Shining One protects you from harm!
 52881 | Slime:5  | Killed the Royal Jelly
 52965 | Slime:5  | Identified the +14 crystal plate armour of Ignis's Outrage
                  | {rPois Int+4}
 52984 | Slime:5  | Got Sathaock's Magic Continued
 53010 | Slime:5  | Identified the +7 broad axe of the Enchanted Forest {drain,
                  | rC+}
 53045 | Slime:5  | Found the +7 Spriggan's Knife {stab, EV+4 Stlth+}
 53048 | Slime:5  | Identified the +6 spear of Ittaixio {freeze, Will+ Str+3}
 53067 | Slime:5  | Got Qousy's Disquisition on Hypothermia
 53069 | Slime:5  | Got a slimy rune of Zot
 53117 | Slime:5  | Identified the ring of the Jackalope {Wiz +Blink Str+3}
 53166 | Slime:2  | Gained mutation: Your magical capacity is low. (-10% MP) [a
                  | shining eye]
 53177 | Slime:2  | Gained mutation: Your mind is acute. (Int +4, Str/Dex -1)
                  | [a shining eye]
 53242 | Slime:1  | Gained mutation: Your spells are a little easier to cast,
                  | but a little less powerful. [a shining eye]
 53772 | Elf:3    | Entered Level 3 of the Elven Halls
 53875 | Elf:3    | Reached skill level 15 in Dodging
 53881 | Elf:3    | Noticed Louise
 53898 | Elf:3    | Killed Louise
 54682 | Elf:3    | Identified the ring of the Eagle {Ice rCorr Dex+6}
 54742 | Elf:3    | Identified the staff of Cursing Painful Death {^Contam rF+
                  | Will++ rCorr Str+3 Fire}
 54959 | Elf:3    | Got Vv's Quarto of Ashes and Graupel
 54962 | Elf:3    | Identified the +2 pair of gloves of Amelioration {rPois rC+
                  | Int+4}
 54978 | Elf:3    | Identified the staff of Infection {rElec Will++ Str-4 Air}
 55095 | Elf:3    | Found the +3 salamander hide armour {Flames, rFlCloud rF++
                  | rC--}
 55096 | Elf:3    | Found the +4 robe of Folly {Brill Will-∞ Int+8}
 55116 | Elf:3    | Found the ring of the Octopus King
 55130 | Elf:3    | Identified the +0 pair of gloves of Honour {*Corrode Str+5
                  | Dex+2}
 55134 | Elf:3    | Got the Papyrus of Beguiling
 55147 | Elf:3    | Identified the amulet of the Snail {Regen+ Int+3 Dex+2
                  | Slay+5}
 55151 | Elf:3    | Identified the +1 flail of Wyrd {speed, +Blink Dex+3}
 55152 | Elf:3    | Identified a ring of the Octopus King {rC+ HP+2 AC+2 EV+2
                  | SH+2}
 55729 | Vaults:5 | Entered Level 5 of the Vaults
 55927 | Vaults:5 | Noticed an ancient lich
 55934 | Vaults:4 | Killed an ancient lich
 55935 | Vaults:4 | Reached XP level 24. HP: 197/249 MP: 28/28
 56037 | Vaults:5 | Noticed a dread lich
 56046 | Vaults:5 | Killed a dread lich
 56055 | Vaults:5 | Noticed an ancient lich
 56060 | Vaults:5 | Killed an ancient lich
 56064 | Vaults:5 | Noticed an ancient lich
 56147 | Vaults:5 | Killed an ancient lich
 56282 | Vaults:5 | Identified the +0 robe "Vofon" {+Inv rElec Will- rCorr}
 56407 | Vaults:5 | Identified the +2 pair of boots of Distant Shores {-Tele
                  | rPois rCorr Str+9}
 56689 | Vaults:5 | Found Yvveu's Magic Scroll Shoppe.
 56807 | Vaults:5 | Bought a scroll of teleportation for 60 gold pieces
 56807 | Vaults:5 | Bought a scroll of poison for 80 gold pieces
 56807 | Vaults:5 | Bought a scroll of teleportation for 60 gold pieces
 57019 | Vaults:5 | Got the Volume of Fumes
 57107 | Vaults:5 | Identified the +7 mace of Plunder {heavy, rC+ Int+3}
 57251 | Vaults:5 | Got the Encyclopedia of the Feathery Mantle
 57258 | Vaults:5 | Got a silver rune of Zot
 57544 | Depths:1 | Entered Level 1 of the Depths
 57751 | Depths:1 | Found a shimmering blue altar of Sif Muna.
 58121 | Depths:1 | Found a one-way gate leading to the halls of Pandemonium.
 58578 | Depths:2 | Found a one-way gate to the infinite horrors of the Abyss.
 58585 | Depths:2 | Noticed an ancient lich
 58593 | Depths:2 | Killed an ancient lich
 58725 | Depths:2 | Reached XP level 25. HP: 257/257 MP: 28/28
 58930 | Depths:2 | Identified the ring of the Invisible Hand {rPois rN+ Str+5}
 58965 | Depths:2 | Identified the +0 leather armour of Vehumet's Vengeance
                  | {rF+ Regen+}
 59013 | Depths:2 | Found a runed translucent gate.
 59013 | Depths:2 | Found a runed translucent gate.
 59295 | Depths:2 | Noticed Suckerboh's ghost (adept MiGl)
 59300 | Depths:2 | Found a runed translucent gate.
 59659 | Depths:2 | Killed Suckerboh's ghost
 59671 | Depths:2 | Identified the +2 helmet of the Sun {Rampage rF+ rN+ Dex+3}
 60069 | Depths:3 | Found a runed translucent door.
 60720 | Depths:3 | Noticed Mara
 60732 | Depths:3 | Noticed suse60's illusion
 60739 | Depths:3 | Killed Mara
 60826 | Depths:3 | Identified the ring "Amumat" {Will+ Int+3}
 60849 | Depths:3 | Found a runed translucent door.
 60849 | Depths:3 | Noticed an ancient lich
 60865 | Depths:3 | Killed an ancient lich
 61005 | Depths:4 | Entered Level 4 of the Depths
 61036 | Depths:4 | Noticed an ancient lich
 61039 | Depths:4 | Found a one-way gateway to a ziggurat.
 61039 | Depths:4 | Noticed a dread lich
 61049 | Depths:4 | Noticed Boris
 61055 | Depths:4 | Killed Boris
 61144 | Depths:4 | Killed a dread lich
 61146 | Depths:4 | Killed an ancient lich
 61410 | Depths:4 | Found a gate to the Realm of Zot.
 61669 | Depths:3 | Voluntarily entered the Abyss.
 61711 | Abyss:1  | Found a corrupted altar of Lugonu.
 61742 | Abyss:1  | Found a corrupted altar of Lugonu.
 62131 | Abyss:1  | Found a corrupted altar of Lugonu.
 62194 | Abyss:1  | Found a corrupted altar of Lugonu.
 62266 | Abyss:4  | Found a corrupted altar of Lugonu.
 62327 | Abyss:4  | Found a corrupted altar of Lugonu.
 62421 | Abyss:5  | Reached XP level 26. HP: 266/266 MP: 28/28
 62717 | Depths:3 | Escaped the Abyss
 62884 | Depths:3 | Voluntarily entered the Abyss.
 63045 | Abyss:5  | Got an abyssal rune of Zot
 63114 | Depths:3 | Escaped the Abyss
 63182 | Zig:1    | Entered Level 1 of a ziggurat
 63201 | Zig:2    | Entered Level 2 of a ziggurat
 63218 | Zig:3    | Entered Level 3 of a ziggurat
 63272 | Zig:4    | Entered Level 4 of a ziggurat
 63293 | Zig:4    | Identified the staff "Zalups" {rElec rPois rF- rC+ Ice}
 63300 | Zig:5    | Entered Level 5 of a ziggurat
 63306 | Zig:5    | Gained mutation: You occasionally lose the ability to read
                  | scrolls when taking damage. [a neqoxec]
 63419 | Zig:6    | Entered Level 6 of a ziggurat
 63439 | Zig:6    | Paralysed by accursed screaming for 1 turns
 63573 | Zig:7    | Entered Level 7 of a ziggurat
 63600 | Zig:7    | Found the +9 sword of Power {lifebolt}
 63622 | Zig:8    | Entered Level 8 of a ziggurat
 63672 | Zig:8    | Got Coips's Parchment of Foggy Abominable Arts
 63690 | Zig:9    | Entered Level 9 of a ziggurat
 63747 | Zig:9    | Got the Elucidation of Iron Lamentation
 63760 | Zig:10   | Entered Level 10 of a ziggurat
 63800 | Zig:10   | Identified the +6 falchion "Dragon's Death" {freeze, +Blink
                  | Will- Str+2 SInv}
 63806 | Zig:10   | Reached XP level 27. HP: 236/273 MP: 28/28
 63824 | Zig:11   | Entered Level 11 of a ziggurat
 63855 | Zig:11   | HP: 4/275 [yellow draconian annihilator/+0 dagger (10)]
 63855 | Zig:11   | HP: 1/275 [black draconian/+0 scimitar (3)]
 63862 | Zig:11   | Identified the +1 scale mail of Lethargy {Rampage rPois
                  | Will+}
 64073 | Zot:1    | Entered Level 1 of the Realm of Zot
 64133 | Zot:1    | Noticed an orb of fire
 64142 | Zot:1    | Killed an orb of fire
 64246 | Zot:1    | Found a runed translucent gate.
 64246 | Zot:1    | Found a runed translucent gate.
 64247 | Zot:1    | Found a runed translucent gate.
 64247 | Zot:1    | Noticed Uneer's ghost (legendary GnFE)
 65313 | Zot:1    | Found the +6 arbalest "Damnation" {damnation}
 65386 | Zot:2    | Identified the +2 great sword of Nejaocko {venom, Str+4}
 66279 | Zot:3    | Noticed Grunn
 66290 | Zot:3    | Killed Grunn
 66368 | Zot:5    | Entered Level 5 of the Realm of Zot
 66403 | Zot:5    | Reached skill level 27 in Armour
 66895 | Zot:5    | Lost mutation: You occasionally lose the ability to read
                  | scrolls when taking damage. [potion of mutation]
 66895 | Zot:5    | Lost mutation: You are strong-willed. (Will+) [potion of
                  | mutation]
 66895 | Zot:5    | Gained mutation: You have hidden genetic potential. [potion
                  | of mutation]
 66895 | Zot:5    | Gained mutation: You have large cloven feet. [potion of
                  | mutation]
 66904 | Zot:5    | Noticed a dread lich
 66915 | Zot:5    | Killed a dread lich
 66983 | Zot:5    | Noticed a dread lich
 66990 | Zot:5    | Noticed an orb of fire
 66994 | Zot:5    | Killed a dread lich
 67000 | Zot:5    | Killed an orb of fire
 67009 | Zot:5    | Noticed an orb of fire
 67013 | Zot:5    | Gained mutation: Your body often deteriorates upon taking
                  | damage. [an orb of fire]
 67017 | Zot:5    | Killed an orb of fire
 67036 | Zot:5    | Noticed an orb of fire
 67043 | Zot:5    | Noticed an orb of fire
 67053 | Zot:5    | Killed an orb of fire
 67062 | Zot:5    | Killed an orb of fire
 67235 | Zot:5    | Noticed an orb of fire
 67246 | Zot:5    | Lost mutation: You have large cloven feet. [an orb of fire]
 67250 | Zot:5    | Killed an orb of fire
 67290 | Zot:5    | Noticed a dread lich
 67301 | Zot:5    | Killed a dread lich
 67444 | Zot:5    | Reached skill level 27 in Dodging
 67457 | Zot:5    | Noticed an orb of fire
 67468 | Zot:5    | Noticed an orb of fire
 67471 | Zot:5    | Killed an orb of fire
 67481 | Zot:5    | Killed an orb of fire
 67504 | Zot:5    | Noticed an orb of fire
 67509 | Zot:5    | Killed an orb of fire
 67514 | Zot:5    | Noticed an orb of fire
 67514 | Zot:5    | Gained mutation: You occasionally lose the ability to read
                  | scrolls when taking damage. [an orb of fire]
 67515 | Zot:5    | Noticed an orb of fire
 67520 | Zot:5    | Killed an orb of fire
 67520 | Zot:5    | HP: 5/273 [orb of fire/fireball (34)]
 67520 | Zot:5    | HP: 1/273 [orb of fire (4)]
 67520 | Zot:5    | Noticed an orb of fire
 67521 | Zot:5    | Gained mutation: You are frail. (-10% HP) [an orb of fire]
 67523 | Zot:5    | Noticed an orb of fire
 67525 | Zot:5    | Noticed an ancient lich
 67527 | Zot:5    | Killed an orb of fire
 67527 | Zot:5    | Killed an orb of fire
 67527 | Zot:5    | Noticed a dread lich
 67562 | Zot:5    | Gained mutation: Your spells are easier to cast, but less
                  | powerful. [an orb of fire]
 67563 | Zot:5    | Lost mutation: Your mind is acute. (Int +4, Str/Dex -1) [an
                  | orb of fire]
 67568 | Zot:5    | Killed an orb of fire
 67726 | Zot:5    | Killed an ancient lich
 67727 | Zot:5    | Reached skill level 10 in Evocations
 67766 | Zot:5    | Killed a dread lich
 67848 | Zot:5    | Lost mutation: You have a somewhat thin skeletal structure.
                  | (Dex +2, Stealth+) [potion of mutation]
 67848 | Zot:5    | Lost mutation: You are frail. (-10% HP) [potion of
                  | mutation]
 67848 | Zot:5    | Gained mutation: You are frail. (-10% HP) [potion of
                  | mutation]
 67848 | Zot:5    | Lost mutation: Your spells are easier to cast, but less
                  | powerful. [potion of mutation]
 67849 | Zot:5    | Lost mutation: Your body often deteriorates upon taking
                  | damage. [potion of mutation]
 67849 | Zot:5    | Lost mutation: Your magical capacity is low. (-10% MP)
                  | [potion of mutation]
 67849 | Zot:5    | Gained mutation: Your health recovers twice as slowly from
                  | being drained. [potion of mutation]
 67849 | Zot:5    | Gained mutation: Your system is resistant to poisons.
                  | (rPois) [potion of mutation]
 67850 | Zot:5    | Lost mutation: Your health recovers twice as slowly from
                  | being drained. [potion of mutation]
 67850 | Zot:5    | Lost mutation: Your body sometimes deteriorates upon taking
                  | damage. [potion of mutation]
 67850 | Zot:5    | Gained mutation: You have a pair of large horns on your
                  | head. [potion of mutation]
 67850 | Zot:5    | Gained mutation: Armour fits poorly on your strangely
                  | shaped body. [potion of mutation]
 67850 | Zot:5    | Gained mutation: You are partially covered in iridescent
                  | scales. (AC +2) [potion of mutation]
 67851 | Zot:5    | Lost mutation: You occasionally lose the ability to read
                  | scrolls when taking damage. [potion of mutation]
 67851 | Zot:5    | Lost mutation: You are frail. (-10% HP) [potion of
                  | mutation]
 67851 | Zot:5    | Lost mutation: You are partially covered in iridescent
                  | scales. (AC +2) [potion of mutation]
 67851 | Zot:5    | Gained mutation: You are occasionally teleported next to
                  | monsters. [potion of mutation]
 67852 | Zot:5    | Lost mutation: You are occasionally teleported next to
                  | monsters. [potion of mutation]
 67852 | Zot:5    | Lost mutation: You have a pair of large horns on your head.
                  | [potion of mutation]
 67852 | Zot:5    | Lost mutation: You have hidden genetic potential. [potion
                  | of mutation]
 67852 | Zot:5    | Gained mutation: You do not regenerate when monsters are
                  | visible. [potion of mutation]
 67852 | Zot:5    | Gained mutation: You have large cloven feet. [potion of
                  | mutation]
 67950 | Zot:5    | Acquired a +5 ring of evasion
 67951 | Zot:5    | Acquired the +1 pair of gloves of the Fiend {rF+ rCorr
                  | Slay+5}
 67964 | Zot:5    | Lost mutation: You have large cloven feet. [potion of
                  | mutation]
 67964 | Zot:5    | Lost mutation: Your system is resistant to poisons. (rPois)
                  | [potion of mutation]
 67964 | Zot:5    | Gained mutation: Your health recovers twice as slowly from
                  | being drained. [potion of mutation]
 67964 | Zot:5    | Gained mutation: Your flesh is cold resistant. (rC+)
                  | [potion of mutation]
 67965 | Zot:5    | Lost mutation: Your flesh is cold resistant. (rC+) [potion
                  | of mutation]
 67965 | Zot:5    | Lost mutation: You do not regenerate when monsters are
                  | visible. [potion of mutation]
 67965 | Zot:5    | Lost mutation: Your spells are a little easier to cast, but
                  | a little less powerful. [potion of mutation]
 67965 | Zot:5    | Gained mutation: You occasionally lose the ability to drink
                  | potions when taking damage. [potion of mutation]
 67965 | Zot:5    | Gained mutation: Your muscles are strong. (Str +4, Int/Dex
                  | -1) [potion of mutation]
 67966 | Zot:5    | Acquired the +5 executioner's axe of Gevaniy {protect,
                  | Str+3 Int+5}
 67969 | Zot:5    | Got the Orb of Zot
 68193 | Depths:3 | Noticed Yrron the pandemonium lord
 68588 | D:2      | Noticed a seraph
 68634 | D:$      | Escaped with the Orb!

Illustrated notes

Levels and vault maps discovered:
D:1:      dpeg_arrival_water_fire, layout_basic, serial_shops,
          nicolae_shop_industrial_runoff, minmay_misc_feat_roman
D:2:      layout_loops_corners, ebering_ecumenical_altar_abandoned,
          chequers_serial_rivers_micro_d, dk_noncrumbling_3
D:3:      minmay_general_purpose_star, layout_basic, uniq_sigmund
D:4:      layout_cave_pools, mainiacjoe_overflow_six_doors_small,
          minmay_temple_entry_overgrown, enter_ossuary_5,
          nicolae_concentric_dashed_squares_mild, kennysheep_generic_room_4,
          uniq_grinder
D:5:      layout_cave_pools, lemuel_mausoleum_altar_kikubaaqudgha,
          lightli_corner_chamber
D:6:      layout_rooms, nicolae_overflow_hallway_of_the_gods, serial_shops, shop
D:7:      cheibrodos_helix_gallery, layout_cave_pools, zin_scriptorium,
          hangedman_glass_teeth, minmay_fractal_squares_gapless_5
D:8:      layout_loops_ring, due_lair_maze_entry_diamond, uniq_prince_ribbit1,
          uniq_pikel
D:9:      layout_layer_cave, minmay_misc_feat_five, hex_medium
D:10:     layout_loops_cross, regret_index_temple_of_mockery,
          serial_co_window_serial, co_window_corner_a, co_window_paths_a,
          co_window_corner_a, co_window_corner_a, co_window_cross_1,
          co_window_unsneaky_path_d, co_window_cross_2,
          co_window_of_opportunity_b, co_window_broadway_c, co_window_4corner_a,
          glass_columns_a, glass_columns_b, glass_columns_b, glass_columns_a,
          kennysheep_generic_room_16
D:11:     layout_rooms, ebering_ghost_disaster_area, uniq_urug
D:12:     layout_loops_ring, orc_0_dummy, kennysheep_big_empty_room,
          uniq_josephine, uniq_fannar
D:13:     layout_cave_pods, gauntlet_entry_generic
D:14:     layout_cave_pods, david_vaults_5, lemuel_tele_altar
D:15:     grunt_enter_depths_magical_seal, layout_small_grid,
          nicolae_elyvilon_temple_path, nemelex_spade_bored_becter
Temple:   corrupted_temple
Lair:1:   layout_gridlike, serial_bayou_shore_a, grunt_megastairs_5
Lair:2:   layout_cave_pods
Lair:3:   layout_layer_cave, minmay_swamp_entry_swarm, dummy_snake_entry,
          dreamdust_gnoll_shepherd, serial_bayou_shore_b, serial_bayou_shore_b,
          uniq_snorg
Lair:4:   layout_long_grid, slime_entry_1, nicolae_volcano_entry_hallway
Lair:5:   evil_forest, layout_cave_pods, basic_altar
Swamp:1:  layout_basic_swamp, hangedman_swamp_ruin_wall
Swamp:2:  layout_falls_marsh, evilmike_swamp_ruin_rubble_2, swamp_pool_4
Swamp:3:  layout_falls_marsh, nicolae_swamp_tree_isthmus
Swamp:4:  swamp, layout_basic_swamp
Snake:1:  layout_layer_cave, grunt_ministairs_2
Snake:2:  layout_grid_maze, serial_shops, nicolae_shop_drivethru, uniq_jorgrun
Snake:3:  layout_layer_cave, minmay_shoptagon, uniq_bai_suzhen, uniq_aizul,
          uniq_nikola, uniq_vashnia
Snake:4:  snake_pit, layout_basic, portal_ice_cave_entry_frozen_things
Slime:1:  layout_caves
Slime:2:  layout_caves
Slime:3:  layout_caves
Slime:4:  layout_caves, basic_altar
Slime:5:  slime_pit
Orc:1:    lemuel_ogre_cave, layout_diamond_mine, serial_shops,
          nicolae_shop_rolling_square
Orc:2:    st_orc_congregation, layout_diamond_mine, special_room, serial_shops,
          shop, nicolae_shop_crystal, basic_altar
Elf:1:    eino_elf_arrival_sip, layout_loops_cross,
          portal_desolation_entry_salt, serial_shops, shop, shop, shop,
          kilobyte_mutagenic_chamber
Elf:2:    elven_hall_of_blades_hangedman_original [nooodl_blade_entry_preview],
          layout_geoelf_grid, minmay_elf_demonology
Elf:3:    minmay_elf_hall_spiked, layout_geoelf_castle, uniq_louise
Vaults:1: gammafunk_ghost_arena, v_misc_4, grunt_vaults_diagonal,
          hangedman_vaults_impose, nicolae_vaults_sightless_eye,
          nicolae_vaults_frosty_reception, layout_vaults_quadrants
Vaults:2: v_misc_17, vaults_mumra_hex, nicolae_vaults_steering_wheel,
          nicolae_vaults_closet_pinwheel_4, nicolae_vaults_circle_grid_b,
          nicolae_vaults_network_square, hangedman_vaults_stretched_pinwheel,
          nicolae_vaults_corpse_flower, v_alt_pattern_3, v_misc_27,
          layout_vaults_omnibox
Vaults:3: nicolae_vaults_oval_intersection, nicolae_vaults_turnstiles,
          vaults_standard_mumra_lines, minmay_crypt_entry_necro_gods,
          ontoclasm_vaults_chip, vaults_dpeg_diagonal, nicolae_vaults_house_1,
          v_pattern_4, nicolae_vaults_specimen_jars,
          nicolae_vaults_double_plus_2, layout_vaults_omnicross, uniq_donald,
          uniq_boris, uniq_sojobo, uniq_frederick
Vaults:4: nicolae_vaults_six-pack, ontoclasm_vaults_ligature,
          nicolae_vaults_hallways_thing, nicolae_vaults_network_star,
          nicolae_vaults_apartment_1, grunt_vaults_twisty,
          nicolae_vaults_heart-shaped_vault, ontoclasm_vaults_fault,
          layout_vaults_chaotic_city
Vaults:5: serial_shops
Crypt:1:  layout_catacombs, uniq_vv
Crypt:2:  layout_chaotic_city, basic_altar, uniq_jory
Crypt:3:  cryptofortress_bobbens
Tomb:1
Depths:1: layout_honeycomb, rand_demon_pan_entry_4, pf_coc_iceberg,
          eino_tiny_chamber, nicolae_sif_muna_condensation,
          hangedman_decor_cross_pass
Depths:2: minmay_the_grid_net [minmay_the_grid_holed_spiral,
          minmay_the_grid_rooms, minmay_the_grid_tri_star,
          minmay_the_grid_minigrid_small, minmay_the_grid_expand,
          minmay_the_grid_prize_trominoes], layout_cave_pools,
          gammafunk_ghost_split, rand_demon_pan_entry_9, abyss_entry,
          nicolae_twisty_statue_hallways, hell_entry,
          infiniplex_staircase_zigzag_2
Depths:3: cheibrodos_witchhunters_guild, layout_honeycomb,
          chequers_decorated_corner, serial_sigils,
          serial_sigils_hangedman_stare, serial_sigils_hangedman_snap,
          serial_sigils_hangedman_scratch, serial_sigils_hangedman_quiver,
          serial_sigils_hangedman_snap, hell_entry, hangedman_abyss_entry_splay,
          uniq_mara
Depths:4: evilmike_zot_entry_basic, layout_cave_pools, enter_ziggurat_c,
          hell_entry, rand_demon_pan_entry_7, grunt_decor_cap
Zot:1:    layout_cathedral_of_symmetry, gammafunk_ghost_ooze,
          regret_index_zotdec_dark_gr
Zot:2:    layout_misc_corridors, regret_index_zotdec_twisting_globes
Zot:3:    infiniplex_zot_generator, layout_concentric_octagons, uniq_tiamat,
          uniq_grunn
Zot:4:    layout_cathedral_of_symmetry
Zot:5:    layout_concentric_octagons, st_stairs_4, nicolae_zot_crop_circle

Skill      XL: |  1  2  3  4  5  6  7  8  9 10 11 12 13 14 15 16 17 18 19 20 21 22 23 24 25 26 27 |
---------------+----------------------------------------------------------------------------------+-----
Fighting       | 4 5 6 7 8 10 11 14 16 17 19 20 22 25 26 27 | 27.0
Axes           | 3 4 6 8 10 11 14 16 17 19 20 22 23 25 27 | 27.0
Armour         | 5 8 10 11 13 18 20 22 24 25 27 | 27.0
Dodging        | 1 6 9 10 11 14 16 18 20 22 27 | 27.0
Invocations    | 4 8 10 11 12 | 12.7
Evocations     | 5 6 11 | 11.2
Throwing       | 5 |  5.0
Shapeshifting  | 4 7 9 10 11 13 14 15 16 17 18 19 | 19.6
Shields        | |  3.6

Action                     |  1- 3 |  4- 6 |  7- 9 | 10-12 | 13-15 | 16-18 | 19-21 | 22-24 | 25-27 || total
---------------------------+-------+-------+-------+-------+-------+-------+-------+-------+-------++-------
  Melee: War axe           |    92 |    99 |   306 |   591 |   826 |       |       |    83 |     2 ||  1999
         Headbutt          |     7 |    11 |    52 |   187 |   317 |   157 |   219 |   258 |   334 ||  1542
         Unarmed           |       |       |    11 |       |     3 |       |       |       |       ||    14
         Halberd           |       |       |       |       |    38 |       |       |       |       ||    38
         Falchion          |       |       |       |       |     5 |       |       |       |       ||     5
         Punch             |       |       |       |       |     4 |       |       |     2 |       ||     6
         Executioner's axe |       |       |       |       |    77 |   566 |   624 |   625 |   898 ||  2790
  Throw: Javelin           |     4 |     2 |    19 |    86 |    37 |    37 |       |    17 |     5 ||   207
 Invoke: Summon Divine War |       |       |       |       |     3 |     1 |     2 |     2 |     1 ||     9
         Divine Shield     |       |       |       |       |       |     2 |    10 |     1 |       ||    13
  Evoke: Wand              |       |       |     8 |    27 |    29 |    29 |     9 |    57 |    43 ||   202
    Use: Scroll            |     5 |     2 |     5 |     6 |    11 |    12 |     9 |     4 |    12 ||    66
         Potion            |       |     1 |     2 |     4 |     4 |     5 |       |     9 |    22 ||    47
 Armour: Scale mail        |    57 |    54 |    29 |       |       |       |       |       |       ||   140
         Chain mail        |       |       |   247 |   401 |   578 |   271 |   210 |       |       ||  1707
         Skin              |       |       |     5 |       |     1 |       |       |       |       ||     6
         Plate armour      |       |       |       |       |       |       |    71 |   226 |       ||   297
         Crystal plate arm |       |       |       |       |       |       |       |   233 |   542 ||   775
  Dodge: Dodged            |    34 |    35 |   149 |   324 |   474 |   410 |   387 |   560 |   501 ||  2874
         Repelled          |       |       |       |       |     1 |    38 |     6 |    37 |    47 ||   129
  Block: Buckler           |    19 |    11 |    64 |   110 |    79 |       |       |       |       ||   283
         Other             |       |       |       |       |       |     5 |    21 |    14 |    19 ||    59
